 Dungeon Crawl Stone Soup version 0.29-a0-414-g5075937ec3 (webtiles) character file.

Game seed: 17284801429029150732

29904 pokeman the Eclecticist (level 13, -3/66 (70) HPs)
             Began as a Deep Elf Hedge Wizard on May 16, 2022.
             Was a High Priest of Vehumet.
             Slain by a six-headed hydra (6 damage)
             ... on level 4 of the Lair of Beasts.
             The game lasted 00:52:39 (18285 turns).

pokeman the Eclecticist (Deep Elf Hedge Wizard)    Turns: 18285, Time: 00:52:39

HP:   -3/66 (70)    AC: 15    Str:  7    XL:     13   Next: 17%
MP:   29/37         EV: 17    Int: 31    God:    Vehumet [*****.]
Gold: 3560          SH:  0    Dex: 14    Spells: 37/49 levels left

rFire   . . .      SeeInvis +   I - +7 Throatcutter {drain, coup de grace}
rCold   . . .      Faith    .   (no shield)
rNeg    . . .      Spirit   .   M - +0 steam dragon scales
rPois   +          Reflect  .   T - +1 helmet
rElec   .          Harm     .   Q - +1 cloak
rCorr   .          Rampage  .   F - +1 Delatra's gloves {ID++}
Will    +....                   i - +2 pair of boots
Stlth   ++........              u - amulet of regeneration
HPRegen 1.01/turn               h - +4 ring of evasion
MPRegen 0.25/turn               V - ring of Dishonour {rPois Int+6 SInv}

@: studying Throwing, drained
A: no striking features
a: Renounce Religion


You were on level 4 of the Lair of Beasts.
You worshipped Vehumet.
Vehumet was extremely pleased with you.
You visited 3 branches of the dungeon, and saw 18 of its levels.
You also visited: Bailey.

You collected 3560 gold pieces.

Inventory:

Hand Weapons
 I - the +7 Throatcutter (weapon) {drain, coup de grace}
   (You found it on level 6 of the Dungeon)

   A truly terrible weapon, it drains the life of any living foe it strikes.
   It may instantly kill foes which have little health.
Missiles
 j - 13 curare-tipped darts
 C - 4 throwing nets
Armour
 i - a +2 pair of boots (worn)
 F - the +1 Delatra's gloves (worn) {ID++}
   (You found it on level 5 of the Dungeon)

   It heals its wearer when they drink unknown potions.
   It restores its wearer's MP when they read unknown scrolls.
 M - +0 steam dragon scales (worn)
 Q - a +1 cloak (worn)
 T - a +1 helmet (worn)
Jewellery
 f - a ring of positive energy
 h - a +4 ring of evasion (left hand)
 u - an amulet of regeneration (around neck)
 N - a ring of protection from fire
 V - the ring of Dishonour (right hand) {rPois Int+6 SInv}
   (You found it on level 11 of the Dungeon)

   [ring of see invisible]

   Int:       It affects your intelligence (+6).
   rPois:     It protects you from poison.
   SInv:      It lets you see invisible.
Wands
 c - a wand of iceblast (37)
 r - a wand of polymorph (2)
 w - a wand of digging (4)
 R - a wand of acid (2)
Scrolls
 a - 2 scrolls of enchant weapon
 b - a scroll of poison
 g - 3 scrolls of teleportation
 k - a scroll of fear
 l - a scroll of summoning
 o - a scroll of fog
 G - 2 scrolls of blinking
 K - a scroll of torment
 L - a scroll of magic mapping
 O - a scroll of noise {unknown}
Potions
 d - a potion of magic
 e - 5 potions of mutation {unknown}
 m - 2 potions of degeneration {unknown}
 n - 2 potions of haste
 p - 8 potions of curing
 q - 2 potions of ambrosia {unknown}
 z - 7 potions of might {unknown}
 D - 6 potions of heal wounds {unknown}
 E - 2 potions of flight {unknown}
 S - 2 potions of cancellation {unknown}
 U - 2 potions of brilliance {unknown}
 W - a potion of berserk rage {unknown}
Miscellaneous
 s - a phantom mirror
 B - a box of beasts (inert)
 P - a tin of tremorstones (2/2)


   Skills:
 - Level 4.0 Fighting
 + Level 4.8 Armour
 - Level 3.0 Dodging
 - Level 3.1 Stealth
 - Level 5.0 Shields
 * Level 18.6 Spellcasting
 + Level 11.2 Conjurations
 - Level 1.1 Summonings
 - Level 1.0 Necromancy
 - Level 1.1 Translocations
 + Level 10.6 Fire Magic
 - Level 1.2 Air Magic
 - Level 1.0 Earth Magic
 - Level 1.1 Poison Magic
 - Level 2.0 Evocations


You had 37 spell levels left.
You knew the following spells:

 Your Spells              Type           Power      Damage    Failure   Level
a - Magic Dart            Conj           100%       1d8       0%          1
b - Mephitic Cloud        Conj/Pois/Air  54%        N/A       1%          3
c - Call Imp              Summ           35%        N/A       1%          2
d - Blink                 Tloc           70%        N/A       1%          2
e - Conjure Flame         Conj/Fire      77%        6-21      1%          3
f - Foxfire               Conj/Fire      100%       2x1d9     0%          1

Your spell library contained the following spells:

 Spells                   Type           Power      Damage    Failure   Level
 Airstrike                Air            18%        N/A       2%          4
 Slow                     Hex            100%       N/A       1%          1
 Corpse Rot               Necr/Air       70%        N/A       1%          2
 Gell's Gravitas          Tloc           35%        N/A       2%          3
 Lesser Beckoning         Tloc           35%        N/A       2%          3
 Teleport Other           Tloc           35%        N/A       2%          3
 Portal Projectile        Hex/Tloc       64%        N/A       3%          3
 Dispel Undead            Necr           35%        3d15      9%          4
 Summon Lightning Spire   Summ/Air       36%        N/A       9%          4
 Excruciating Wounds      Necr           17%        N/A       24%         5
 Blade Hands              Tmut           14%        N/A       36%         5
 Death Channel            Necr           17%        N/A       80%         6
 Storm Form               Tmut/Air       16%        N/A       100%        7
 Maxwell's Capacitive Co  Air            18%        ∞         100%        8


Dungeon Overview and Level Annotations

Branches:
Dungeon (13/15)            Temple (1/1) D:6            Lair (4/6) D:11
  Swamp (0/4) Lair:4       Spider (0/4) Lair:4          Orc (0/2) D:11
 Bailey (visited)
 Vaults: D:13-14

Altars:
Ashenzari
Cheibriados
Dithmenos
Fedhas
Gozag
Hepliaklqana
Makhleb
Qazlal
Sif Muna
Trog
Uskayaw
Vehumet
Wu Jian
Xom
Yredelemnul
Zin
The Shining One

Shops:
D:10 *

Portals:
Ice
Cave: Lair:4

Annotations:
D:9 3 runed translucent doors, chunkyMonkey's ghost, journeyman VSTm
Lair:4 Nergalle


Message History

You conjure some foxfire!
The white imp hits you but does no damage.
The white imp misses you.
The white imp hits you but does no damage.
Nergalle is engulfed in noxious fumes.
Nergalle appears confused.
Nergalle closely misses herself.
The white imp barely misses you.
Unknown command.
You hit the white imp.
You behead the white imp!
You kill the white imp!
Vehumet accepts your kill.
You feel your power returning.
The foxfire hits the white imp!
The white imp is burned terribly!
You kill the white imp!
Vehumet accepts your kill.
You feel your power returning.
The foxfire hits the white imp but does no damage.
The white imp barely misses you.
Nergalle is engulfed in noxious fumes.
Nergalle appears confused.
Nergalle hits the white imp with a +2 dagger of venom.
The white imp gestures at you. The puff of frost hits you!
* * * LOW HITPOINT WARNING * * *
Your larval shockox beast bursts into living lightning!
The living lightning hits the white imp! x2
The white imp dies!
Vehumet accepts your kill.
The living lightning hits the white imp!
Your larval shockox beast blinks!
Nergalle is engulfed in noxious fumes.
Nergalle hits the six-headed hydra with a +2 dagger of venom.
The white imp closely misses you.
Unknown command.
Unknown command.
The six-headed hydra attacks as you move away!
The six-headed hydra completely misses you.
The six-headed hydra barely misses you. The six-headed hydra bites you!
* * * LOW HITPOINT WARNING * * *
The six-headed hydra bites you but does no damage.
The six-headed hydra misses you. The six-headed hydra bites you.
You die...

##* #P#####
#..#5.#######
##..lF....#..####
#§5555.......#..####
#..@oY5...#......#.#
#.§5DF............Y.
#....5....###.#.###.
#....5.............Y
##.#..H##.#.........
#.....##.+...≈####.
##....#..#.$.## *#.
#P..........#**#≈.
*,,,,,,.#....,....


You could see a death yak, a six-headed hydra, Nergalle (confused), a komodo
dragon, a cane toad, a bullfrog, 9 white imps and a friendly larval shockox
beast (summoned).

Vanquished Creatures
  5 hydras
  2 two-headed ogres (D:10)
  3 death yaks (Lair:4)
  An orc knight (D:13)
  4 cyclopes
  A manticore (D:9)
  2 black mambas (Lair:2)
  Maurice (D:9)
  6 cane toads
  A gargoyle (D:11)
  2 unseen horrors
  3 komodo dragons
  4 trolls
  A polar bear (Lair:1)
  3 slime creatures (D:12)
  6 blink frogs
  Sigmund (D:5)
  2 shadows
  2 wyverns
  35 yaks
  A wraith (D:12)
  5 basilisks
  7 vampire mosquitoes
  5 steam dragons
  2 wargs (D:11)
  2 acid dragons
  7 water moccasins
  A sky beast (D:8)
  10 orc warriors
  3 black bears
  3 ogres
  2 centaurs (D:5)
  17 kobold brigands
  A necrophage (D:5)
  10 bullfrogs
  2 gnoll sergeants
  2 scorpions
  6 killer bees
  4 howler monkeys
  2 electric eels (D:10)
  5 orc priests
  2 gnoll shamans
  4 hounds
  2 jellies
  3 iguanas
  10 orc wizards
  16 gnolls
  7 adders
  A shadow imp (D:7)
  5 white imps
  An ufetubus (D:5)
  4 worms
  5 dart slugs
  53 orcs
  8 bats
  9 endoplasms
  4 goblins
  6 hobgoblins
  12 jackals
  28 kobolds
  7 quokkas
  12 ball pythons
  3 frilled lizards (D:1)
  5 rats
  A foxfire (D:10)
390 creatures vanquished.

Vanquished Creatures (collateral kills)
  A white imp (Lair:4)
  10 foxfires
11 creatures vanquished.

Vanquished Creatures (others)
  629 foxfires
  20 fungi
  35 plants
684 creatures vanquished.

Grand Total: 1085 creatures vanquished

Notes
Turn   | Place    | Note
-------+----------+-------------------------------------------
     0 | D:1      | pokeman the Deep Elf Hedge Wizard began the quest for the
                  | Orb.
     0 | D:1      | Reached XP level 1. HP: 10/10 MP: 7/7
     1 | D:1      | Found a glowing golden altar of the Shining One.
   309 | D:1      | Reached XP level 2. HP: 15/15 MP: 6/9
   980 | D:1      | Reached skill level 5 in Spellcasting
  1173 | D:1      | Reached XP level 3. HP: 20/20 MP: 9/11
  1177 | D:1      | Learned a level 3 spell: Mephitic Cloud
  1180 | D:1      | Learned a level 2 spell: Call Imp
  1183 | D:1      | Learned a level 2 spell: Blink
  1187 | D:1      | Learned a level 3 spell: Conjure Flame
  1595 | D:2      | Reached skill level 1 in Fighting
  1595 | D:2      | Reached skill level 1 in Armour
  2116 | D:2      | Found a shimmering blue altar of Sif Muna.
  2226 | D:2      | Reached XP level 4. HP: 25/25 MP: 11/13
  3088 | D:2      | Reached skill level 1 in Necromancy
  3150 | D:2      | Found a faded altar of an unknown god.
  3609 | D:3      | Reached skill level 6 in Spellcasting
  3609 | D:3      | Reached XP level 5. HP: 29/29 MP: 7/15
  3928 | D:3      | Reached skill level 1 in Fire Magic
  4374 | D:4      | Found a stormy altar of Qazlal.
  4541 | D:4      | Noticed a steam dragon
  4560 | D:4      | Reached XP level 6. HP: 19/34 MP: 11/17
  4596 | D:4      | Killed a steam dragon
  4597 | D:4      | Reached skill level 7 in Spellcasting
  4597 | D:4      | Reached skill level 1 in Air Magic
  4605 | D:4      | Reached skill level 1 in Poison Magic
  4983 | D:4      | Noticed a water moccasin
  5002 | D:4      | Killed a water moccasin
  5003 | D:4      | Reached XP level 7. HP: 38/38 MP: 14/20
  5636 | D:5      | Entered Level 5 of the Dungeon
  5658 | D:5      | Reached skill level 8 in Spellcasting
  5822 | D:5      | Noticed Sigmund
  5843 | D:5      | Killed Sigmund
  5844 | D:5      | Reached skill level 1 in Evocations
  5920 | D:5      | Reached XP level 8. HP: 44/44 MP: 19/22
  5930 | D:5      | Found the +1 Delatra's gloves {ID++}
  5953 | D:5      | Reached skill level 9 in Spellcasting
  6277 | D:5      | Reached skill level 1 in Shields
  6820 | D:5      | Reached skill level 5 in Conjurations
  7049 | D:6      | Reached skill level 10 in Spellcasting
  7156 | D:6      | Found the +7 Throatcutter {drain, coup de grace}
  7196 | D:6      | Reached XP level 9. HP: 47/48 MP: 13/25
  7416 | D:6      | Found a staircase to the Ecumenical Temple.
  7433 | D:6      | Reached skill level 11 in Spellcasting
  7459 | Temple   | Entered the Ecumenical Temple
  7490 | Temple   | Became a worshipper of Vehumet
  7637 | D:6      | Reached skill level 5 in Fire Magic
  8791 | D:8      | Reached skill level 12 in Spellcasting
  9329 | D:8      | Reached * piety under Vehumet
  9329 | D:8      | Offered knowledge of Foxfire by Vehumet.
  9332 | D:8      | Learned a level 1 spell: Foxfire
 10010 | D:8      | Reached XP level 10. HP: 53/53 MP: 24/28
 10233 | D:9      | Noticed Maurice
 10243 | D:9      | Killed Maurice
 10281 | D:9      | Reached skill level 13 in Spellcasting
 10373 | D:9      | Found a runed translucent gate.
 10373 | D:9      | Found a runed translucent gate.
 10373 | D:9      | Found a runed translucent gate.
 10391 | D:9      | Found a flagged portal.
 10404 | Bailey   | Entered a bailey
 10429 | Bailey   | Offered knowledge of Freeze by Vehumet.
 10430 | Bailey   | Reached ** piety under Vehumet
 10584 | Bailey   | Found an iron altar of Okawaru.
 10931 | D:9      | Noticed chunkyMonkey's ghost (journeyman VSTm)
 11043 | D:9      | Noticed a manticore
 11076 | D:9      | Killed a manticore
 11185 | D:10     | Entered Level 10 of the Dungeon
 11265 | D:10     | Found Yblej Luis's Neck Hole.
 11581 | D:10     | Reached skill level 14 in Spellcasting
 11637 | D:10     | Noticed a cyclops
 11648 | D:10     | Killed a cyclops
 11653 | D:10     | Noticed a two-headed ogre
 11663 | D:10     | Killed a two-headed ogre
 11664 | D:10     | Reached XP level 11. HP: 40/60 MP: 15/31
 11687 | D:10     | Noticed a two-headed ogre
 11708 | D:10     | Killed a two-headed ogre
 12439 | D:11     | Identified the ring of Dishonour {rPois Int+6 SInv}
 12516 | D:11     | Reached skill level 15 in Spellcasting
 12572 | D:11     | Reached skill level 1 in Earth Magic
 12612 | D:11     | Found a staircase to the Orcish Mines.
 12648 | D:11     | Offered knowledge of Poisonous Vapours by Vehumet.
 12675 | D:11     | Reached *** piety under Vehumet
 12831 | D:11     | Found a staircase to the Lair.
 12877 | D:11     | Offered knowledge of Frozen Ramparts by Vehumet.
 13714 | D:12     | Reached skill level 16 in Spellcasting
 14062 | D:12     | Found a glowing silver altar of Zin.
 14492 | D:13     | Noticed an orc knight
 14496 | D:13     | Noticed a deep elf zephyrmancer
 14499 | D:13     | Noticed a two-headed ogre
 14502 | D:13     | Noticed a centaur warrior
 14503 | D:13     | Killed an orc knight
 14512 | D:13     | Reached XP level 12. HP: 36/66 MP: 28/34
 14697 | Temple   | Identified a scroll of acquirement
 14716 | Temple   | Acquired 916 gold pieces
 14891 | Lair:1   | Entered Level 1 of the Lair of Beasts
 15035 | Lair:1   | Reached **** piety under Vehumet
 15671 | Lair:2   | Offered knowledge of Sticky Flame by Vehumet.
 15741 | Lair:2   | Noticed a six-headed hydra
 15765 | Lair:2   | Killed a one-headed hydra
 15766 | Lair:2   | Reached skill level 10 in Conjurations
 15953 | Lair:2   | Reached skill level 17 in Spellcasting
 15962 | Lair:2   | Noticed a six-headed hydra
 16217 | Lair:2   | You fall into a shaft and drop 1 floor!
 16445 | Lair:2   | Noticed a six-headed hydra
 16453 | Lair:2   | Killed a six-headed hydra
 16783 | Lair:2   | Reached skill level 10 in Fire Magic
 16970 | Lair:2   | Killed an eight-headed hydra
 17188 | Lair:3   | Noticed an eight-headed hydra
 17209 | Lair:2   | Killed a nine-headed hydra
 17210 | Lair:2   | Reached skill level 5 in Shields
 17368 | Lair:3   | Reached skill level 18 in Spellcasting
 17474 | Lair:3   | Noticed a four-headed hydra
 17486 | Lair:3   | Killed a four-headed hydra
 17576 | Lair:3   | Reached XP level 13. HP: 70/70 MP: 32/37
 17583 | Lair:3   | Reached ***** piety under Vehumet
 17583 | Lair:3   | Offered knowledge of Airstrike by Vehumet.
 18271 | Lair:4   | Noticed Nergalle
 18272 | Lair:4   | Found a frozen archway.
 18285 | Lair:4   | HP: 3/66 [six-headed hydra (7)]
 18285 | Lair:4   | Slain by a six-headed hydra

Illustrated notes

Levels and vault maps discovered:
D:1:      sevenhm_arrival_forest_fort_small_6, layout_loops_ring
D:2:      minmay_evil_eye, layout_basic, basic_altar,
          shapermc_ecumenical_altar_hornbeckon, item_on_display_a
D:3:      layout_loops_corners
D:4:      layout_cave_pods, nicolae_overflow_crystal_walls, serial_column_ruins,
          column_ruins_columns_straight, column_ruins_grid_1,
          column_ruins_grid_3, column_ruins_grid_1, column_ruins_columns_corner,
          minmay_manual_mess
D:5:      layout_basic, nicolae_grassy_gnolls, uniq_sigmund
D:6:      layout_rooms, temple_doors_e, dilly_guarded_unrand_throatcut
D:7:      layout_rooms
D:8:      layout_basic
D:9:      layout_long_grid, enter_bailey_2, gammafunk_ghost_icy,
          minmay_misc_feat_five, uniq_maurice
D:10:     minmay_octagon_keep, layout_stronghold, serial_bayou,
          serial_bayou_crossing, serial_bayou_pond_a, serial_bayou_lagoon_a,
          serial_bayou_ford_a, serial_bayou_pond_e,
          nicolae_shop_sticking_my_neck_out
D:11:     layout_basic, erik_lair_orcish_takeover, hiddenorc2_lemuel
D:12:     layout_long_grid, zin_scriptorium
D:13:     layout_cross, hangedman_vaults_entry_quadrant_bands, uniq_urug
Temple:   nicolae_temple_the_god_donut
Lair:1:   layout_roguey, minivault_23
Lair:2:   layout_layer_cave
Lair:3:   layout_concentric_octagons, infiniplex_staircase_pool_2
Lair:4:   layout_regular_city, palyth_hydra_swamp_entry,
          nicolae_spider_entry_non_spiders, portal_ice_cave_entry_imps,
          hangedman_lair_generics_rect, uniq_nergalle

Skill      XL: |  1  2  3  4  5  6  7  8  9 10 11 12 13 |
---------------+----------------------------------------+-----
Spellcasting   | 5 6 7 8 10 12 14 16 18 | 18.6
Fighting       | 1 2 3 4 |  4.0
Armour         | 1 2 3 4 |  4.8
Conjurations   | 2 3 4 5 7 8 9 10 11 | 11.2
Necromancy     | 1 |  1.0
Dodging        | 3 |  3.0
Fire Magic     | 1 2 4 6 7 9 10 | 10.6
Stealth        | 3 |  3.1
Air Magic      | 1 |  1.2
Poison Magic   | 1 |  1.1
Evocations     | 1 2 |  2.0
Shields        | 2 3 5 |  5.0
Earth Magic    | 1 |  1.0
Summonings     | |  1.1
Translocations | |  1.1

Action                   |  1- 3 |  4- 6 |  7- 9 | 10-12 | 13-15 || total
-------------------------+-------+-------+-------+-------+-------++-------
Melee: Dagger            |    17 |     4 |       |       |       ||    21
       Punch             |     1 |       |     4 |     1 |       ||     6
       Mace              |     1 |       |       |       |       ||     1
       Whip              |       |    36 |    87 |       |       ||   123
       Long sword        |       |       |    71 |   268 |    34 ||   373
 Cast: Magic Dart        |   105 |   115 |   135 |     5 |       ||   360
       Mephitic Cloud    |       |     7 |    32 |    54 |     4 ||    97
       Conjure Flame     |       |     2 |    19 |    34 |     9 ||    64
       Call Imp          |       |     1 |     1 |     4 |     2 ||     8
       Blink             |       |       |     1 |     9 |     3 ||    13
       Foxfire           |       |       |       |   321 |    34 ||   355
Evoke: Wand              |       |       |     1 |     7 |     1 ||     9
       Box of beasts     |       |       |       |       |     1 ||     1
  Use: Scroll            |       |       |       |    13 |     3 ||    16
 Stab: Sleeping          |     1 |       |       |       |     1 ||     2
       Confused          |       |     5 |    13 |    20 |     1 ||    39
Armor: Robe              |     8 |     6 |       |       |       ||    14
       Leather armour    |       |     1 |    32 |       |       ||    33
       Steam dragon scal |       |       |    11 |   100 |    28 ||   139
Dodge: Dodged            |    21 |    45 |   130 |   262 |    89 ||   547

Table legend: (Time is in decaauts)
 A = Elapsed time spent in this place.
 B = Non-inter-level travel time spent in this place.
 C = Inter-level travel time spent in this place.
 D = Time resting spent in this place.
 E = Time spent auto-exploring this place.
 F = Levels seen in this place.
 G = Mean time per level.
                   A        B        C        D        E       F      G
               +--------+--------+--------+--------+--------+-----+--------+
         Total |  18488 |  17408 |   1080 |    670 |  13070 |  19 |  973.1 |
       Dungeon |  14680 |  13784 |    896 |    627 |  10535 |  13 | 1129.2 |
        Temple |    109 |     83 |     26 |      0 |     19 |   1 |  109.0 |
          Lair |   3453 |   3296 |    157 |     43 |   2389 |   4 |  863.2 |
        Bailey |    245 |    245 |      0 |      0 |    126 |   1 |  245.0 |
               +--------+--------+--------+--------+--------+-----+--------+

Top non-repeatable levels by time:
     D:2: 1760 daAuts
  Lair:2: 1614 daAuts
     D:1: 1493 daAuts
     D:5: 1468 daAuts
     D:8: 1396 daAuts
     D:4: 1356 daAuts
    D:10: 1303 daAuts
    D:11: 1189 daAuts
     D:3: 1167 daAuts
    D:12: 920 daAuts
  Lair:3: 857 daAuts
     D:9: 855 daAuts
     D:6: 847 daAuts
     D:7: 783 daAuts
  Lair:1: 754 daAuts
